 Dungeon Crawl Stone Soup version 0.29-a0-819-g94b489e0ae (webtiles) character file.

Game seed: 6470432404387660343

276 funkygono the Slasher (level 6, -7/53 HPs)
             Began as a Minotaur Fighter on July 6, 2022.
             Splashed by a jelly's acid (11 damage)
             ... on level 4 of the Dungeon.
             The game lasted 00:04:02 (2420 turns).

funkygono the Slasher (Minotaur Fighter)            Turns: 2420, Time: 00:04:03

Health: -7/53      AC: -6    Str: 22    XL:     6   Next: 4%
Magic:  5/5        EV:  6    Int:  5    God:
Gold:   119        SH:  4    Dex: 10    Spells: 5/5 levels left

rFire   . . .      SeeInvis .   a - +0 long sword
rCold   + . .      Faith    .   c - +0 buckler
rNeg    . . .      Spirit   .   f - +1 plate armour
rPois   .          Reflect  .   (helmet restricted)
rElec   .          Harm     .   (no cloak)
rCorr   .          Rampage  .   (no gloves)
Will    .....                   (no boots)
Stlth   ..........              (no amulet)
HPRegen 0.17/turn               n - ring of protection from cold
MPRegen 0.09/turn               (no ring)

@: corroded
A: horns 2, retaliatory headbutt
a: no special abilities


You were on level 4 of the Dungeon.
You visited 1 branch of the dungeon, and saw 4 of its levels.

You collected 119 gold pieces.

Inventory:

Hand Weapons
 a - a +0 long sword (weapon)
 b - a +0 flail
Missiles
 j - 2 throwing nets (quivered)
Armour
 c - a +0 buckler (worn)
 f - a +1 plate armour (worn)
Jewellery
 n - a ring of protection from cold (left hand)
Wands
 e - a wand of polymorph (2)
 o - a wand of mindburst (10)
Scrolls
 p - 2 scrolls of fog
Potions
 g - a potion of mutation
 h - a potion of heal wounds {unknown}
 k - a potion of curing {unknown}
 l - a potion of resistance {unknown}
 m - a potion of attraction {unknown}


   Skills:
 + Level 4.6 Fighting
 + Level 5.4 Long Blades
 + Level 4.8 Armour
 + Level 0.9 Dodging
 + Level 0.2 Stealth
 + Level 4.5 Shields


You had 5 spell levels left.
You didn't know any spells.
Your spell library was empty.

Dungeon Overview and Level Annotations

Branches:
Dungeon (4/15)
 Temple: D:4-7

Altars:
Cheibriados
Dithmenos
Wu Jian


Innate Abilities, Weirdness & Mutations

You have a pair of horns on your head.
You reflexively headbutt those who attack you in melee.


Message History

You barely miss the gnoll.
The gnoll is severely wounded.
The gnoll hits you but does no damage.
You hit the gnoll.
You kill the gnoll!
The gnoll hits you but does no damage.
You have reached level 6!
You barely miss the gnoll. The gnoll hits you but does no damage.
You slash the gnoll!
You kill the gnoll!
You see here a +0 club.
You see here a +0 flail.
b - a +0 flail You see here a +0 halberd.
Found a shadowy altar of Dithmenos.
A jelly comes into view.
The jelly quivers.
Found a mace.
The jelly hits you but does no damage.
You hit the jelly. The acid corrodes you!
Your hands burn!
You headbutt the jelly.
The jelly is heavily wounded.
The jelly hits you. The acid corrodes you!
You are splashed with acid!
You hit the jelly but do no damage.
Your hands burn!
You headbutt the jelly, but do no damage.
The jelly is heavily wounded.
The jelly hits you. The acid corrodes you!
You are splashed with acid.
You hit the jelly but do no damage.
Your hands burn!
The jelly is heavily wounded.
The jelly hits you.
You are splashed with acid.
You hit the jelly but do no damage. The acid corrodes you!
Your hands burn!
The jelly is heavily wounded.
The jelly hits you.
* * * LOW HITPOINT WARNING * * *
The acid corrodes you!
You are splashed with acid!
* * * LOW HITPOINT WARNING * * *
The jelly hits you.
* * * LOW HITPOINT WARNING * * *
You are splashed with acid!
You die...

............#
.#..#.#####.##
#..##.
#..####### ...
.. ##........
.. ...
##...####.
##§...§#
##.§..§§§#
###J§§§.§§§.#
#..@..§§§§ §
#......_§§
#..§.......
#.#§§§)^.§§ ..
§§...§§ #..
..§§# ## ..##
..#


You could see a jelly.

Vanquished Creatures
  Menkaure (D:4)
  An iguana (D:4)
  7 gnolls
  An ufetubus (D:3)
  4 orcs (D:3)
  10 endoplasms
  A giant cockroach (D:2)
  4 hobgoblins
  A quokka (D:1)
  2 ball pythons (D:1)
  4 bats
  3 frilled lizards
  11 goblins
  3 kobolds
  3 rats
56 creatures vanquished.

Vanquished Creatures (others)
  2 plants (D:1)
2 creatures vanquished.

Grand Total: 58 creatures vanquished

Notes
Turn   | Place    | Note
-------+----------+-------------------------------------------
     0 | D:1      | funkygono the Minotaur Fighter began the quest for the Orb.
     0 | D:1      | Reached XP level 1. HP: 19/19 MP: 0/0
   286 | D:1      | Reached XP level 2. HP: 26/27 MP: 1/1
   440 | D:1      | Found a faded altar of an unknown god.
  1080 | D:2      | Reached skill level 3 in Long Blades
  1090 | D:2      | Reached XP level 3. HP: 31/33 MP: 2/2
  1460 | D:2      | Reached XP level 4. HP: 39/40 MP: 3/3
  1593 | D:3      | Found a snail-covered altar of Cheibriados.
  1649 | D:3      | Found an ornate altar of the Wu Jian Council.
  2052 | D:4      | Reached skill level 4 in Long Blades
  2089 | D:4      | Noticed Menkaure
  2100 | D:4      | Killed Menkaure
  2101 | D:4      | Reached skill level 5 in Long Blades
  2101 | D:4      | Reached XP level 5. HP: 8/47 MP: 4/4
  2381 | D:4      | Reached XP level 6. HP: 53/53 MP: 5/5
  2409 | D:4      | Found a shadowy altar of Dithmenos.
  2420 | D:4      | Splashed by a jelly's acid

Illustrated notes

Levels and vault maps discovered:
D:1:      dpeg_arrival_castle, layout_basic, shapermc_ecumenical_altar_ellora,
          minmay_tripent
D:2:      layout_rooms
D:3:      layout_rooms, cheibriados_altar_1, pdpol_wu_jian_five_deadly_venoms
D:4:      minmay_skewed_foursquare, layout_cave_pools,
          nicolae_dithmenos_the_darkroom, marbit_many_paths,
          minmay_joined_circles, uniq_edmund, uniq_menkaure

Skill      XL: |  1  2  3  4 |
---------------+-------------+-----
Shields        | 4 |  4.5
Fighting       | 4 |  4.6
Long Blades    | 3 5 |  5.4
Armour         | 4 |  4.8
Dodging        | |  0.9
Stealth        | |  0.2

Action                   |  1- 3 |  4- 6 || total
-------------------------+-------+-------++-------
Melee: Long sword        |    83 |    44 ||   127
       Headbutt          |    12 |    14 ||    26
Evoke: Wand              |       |     4 ||     4
  Use: Scroll            |     3 |     6 ||     9
       Potion            |       |     1 ||     1
Armor: Scale mail        |    12 |       ||    12
       Plate armour      |    45 |    17 ||    62
Dodge: Dodged            |    26 |     8 ||    34
Block: Buckler           |    18 |     9 ||    27

Table legend: (Time is in decaauts)
 A = Elapsed time spent in this place.
 B = Non-inter-level travel time spent in this place.
 C = Inter-level travel time spent in this place.
 D = Time resting spent in this place.
 E = Time spent auto-exploring this place.
 F = Levels seen in this place.
 G = Mean time per level.
                   A        B        C        D        E       F      G
               +--------+--------+--------+--------+--------+-----+--------+
         Total |   2464 |   2425 |     39 |     28 |   1861 |   4 |  616.0 |
       Dungeon |   2464 |   2425 |     39 |     28 |   1861 |   4 |  616.0 |
               +--------+--------+--------+--------+--------+-----+--------+

Top non-repeatable levels by time:
     D:1: 1053 daAuts
     D:2: 573 daAuts
     D:3: 493 daAuts
     D:4: 343 daAuts
